 Dungeon Crawl Stone Soup version 0.19.0-2-gae57169 (webtiles) character file.

53 MDvedh the Cudgeler (level 3, -1/21 HPs)
             Began as a Gargoyle Gladiator on Nov 4, 2016.
             Slain by a worm (6 damage)
             ... on level 2 of the Dungeon.
             The game lasted 00:02:05 (1079 turns).

MDvedh the Cudgeler (Gargoyle Gladiator)            Turns: 1079, Time: 00:02:06

Health: -1/21      AC:  7    Str: 19    XL:     3   Next: 89%
Magic:  3/3        EV: 12    Int:  8    God:
Gold:   107        SH:  0    Dex: 10    Spells: 0 memorised, 2 levels left

rFire  . . .     SeeInvis .     a - +0 flail
rCold  . . .     Gourm    .     b - +0 leather armour
rNeg   + . .     Faith    .     (no shield)
rPois  ∞         Spirit   .     c - +0 helmet
rElec  +         Reflect  .     (no cloak)
rCorr  .         Harm     .     (no gloves)
MR     .....                    (no boots)
Stlth  +.........               (no amulet)
                                (no ring)
                                (no ring)

@: very slightly contaminated, invisible
A: negative energy resistance 1, electricity resistance, unbreathing,
petrification resistance, rot immunity, AC +3
a: no special abilities


You were on level 2 of the Dungeon.
You were hungry.

You visited 1 branch of the dungeon, and saw 2 of its levels.

You collected 107 gold pieces.

Inventory:

Hand Weapons
 a - a +0 flail (weapon)
Missiles
 d - 3 throwing nets (quivered)
Armour
 b - a +0 leather armour (worn)
 c - a +0 helmet (worn)
Jewellery
 m - an uncursed ring of wizardry {unknown}
Scrolls
 g - a scroll of magic mapping {unknown}
 n - a scroll of enchant weapon {unknown}
 o - a scroll of identify {unknown}
 p - a scroll of blinking {unknown}
Potions
 i - a potion of might {unknown}
 j - a potion of brilliance {unknown}
 k - a potion of curing {unknown}
 q - a potion of lignification {unknown}
Comestibles
 f - 3 bread rations
 l - 2 meat rations


   Skills:
 - Level 2.1 Fighting
 + Level 4.6 Maces & Flails
 - Level 1.7 Throwing
 - Level 2.4 Dodging


You had 2 spell levels left.
You didn't know any spells.

Dungeon Overview and Level Annotations

Branches:
Dungeon (2/15)

Altars:


Innate Abilities, Weirdness & Mutations

You are resistant to torment.
Your stone body is resilient. (AC +3)
You are immune to poison.
You resist negative energy. (rN+)
You are resistant to electric shocks. (rElec)
You can survive without breathing.
You are immune to petrification.
You are immune to rotting.


Message History

The adder bites you. The adder closely misses you.
You miss the adder.
The adder is heavily wounded.
The adder closely misses you. The adder bites you.
You barely miss the adder.
The adder is heavily wounded.
The adder bites you. The worm bites you.
You closely miss the adder.
The adder is heavily wounded.
The adder barely misses you. The adder bites you but does no damage.
The worm bites you.
* * * LOW HITPOINT WARNING * * *
It was a potion of invisibility.
You fade into invisibility!
The adder bites you but does no damage.
You are very lightly contaminated with residual magic.
You barely miss the adder.
The adder is heavily wounded.
The adder closely misses you. The worm bites you.
You die...

##†......# #..# ## #..###.#
...<# #......# ....#.#
#.####### ...#.# #.......#
...#.# ###.....# ..#.#
###....b##########.#.#####
..........gS@w.........>.....
#################.###........
#.# ##....... #.# #.......
#.# #....... #.# #...##[. #..
#....... ### ##.#.#.. #.#.(†.


You could see a worm, an adder, a hobgoblin and a bat.

Vanquished Creatures
  An adder (D:2)
  A worm (D:2)
  3 dart slugs
  2 bats (D:1)
  2 giant cockroaches (D:1)
  6 goblins
  5 hobgoblins
  6 kobolds
  A quokka (D:2)
  A ball python (D:1)
  2 frilled lizards
  4 rats
34 creatures vanquished.

Notes
Turn   | Place    | Note
-------+----------+-------------------------------------------
     0 | D:1      | MDvedh the Gargoyle Gladiator began the quest for the Orb.
     0 | D:1      | Reached XP level 1. HP: 12/12 MP: 1/1
   101 | D:1      | Reached XP level 2. HP: 5/17 MP: 2/2
   606 | D:1      | Reached skill level 4 in Maces & Flails
   666 | D:1      | Reached XP level 3. HP: 21/21 MP: 3/3
  1079 | D:2      | Slain by a worm

Skill      XL: |  1  2 |
---------------+-------+-----
Maces & Flails | 4 |  4.6
Fighting       | |  2.1
Throwing       | |  1.7
Dodging        | |  2.4

Action                   || total
-------------------------++-------
Melee: Flail             ||   121
  Use: Potion            ||     2
Armor: Leather armour    ||    71
Dodge: Dodged            ||   110
